 Dungeon Crawl Stone Soup version 0.26-a0-88-g5ee4766 (webtiles) character file.

Game seed: 7728794363636509225

466 Chirpers the Skirmisher (level 6, -3/57 HPs)
             Began as a Draconian Berserker on June 22, 2020.
             Was a Believer of Trog.
             Slain by a killer bee (5 damage)
             ... on level 7 of the Dungeon.
             The game lasted 00:06:33 (3316 turns).

Chirpers the Skirmisher (Draconian Berserker)       Turns: 3316, Time: 00:06:33

Health: -3/57      AC:  6    Str: 22    XL:     6   Next: 81%
Magic:  6/6        EV: 14    Int:  7    God:    Trog [**....]
Gold:   177        SH:  0    Dex: 10    Spells: 5/5 levels left

rFire    . . .     SeeInvis .   k - +0 scythe
rCold    . . .     Gourm    .   (shield currently unavailable)
rNeg     . . .     Faith    .   (armour unavailable)
rPois    .         Spirit   .   (helmet restricted)
rElec    .         Reflect  .   (no cloak)
rCorr    .         Harm     .   (no gloves)
MR       .....     Rnd*Tele +   (no boots)
Stlth    +.........             (no amulet)
HPRegen  0.19/turn              l - ring of teleportation (curse)
MPRegen  0.10/turn              (no ring)

@: lethally poisoned (-3 -> -23)
A: unfitting armour, cold-blooded, AC +6
a: Berserk, Trog's Hand, Renounce Religion


You were on level 7 of the Dungeon.
You worshipped Trog.
Trog was pleased with you.
You were not hungry.

You visited 1 branch of the dungeon, and saw 5 of its levels.

You collected 177 gold pieces.

Inventory:

Hand Weapons
 a - a +0 hand axe
 k - a +0 scythe (weapon)
Jewellery
 l - a cursed ring of teleportation (left hand)
Scrolls
 c - a scroll of enchant weapon {unknown}
 d - 2 scrolls of remove curse {unknown}
 f - 2 scrolls of identify {unknown}
 g - a scroll of enchant armour {unknown}
 h - 2 scrolls of random uselessness
 i - 2 scrolls of teleportation {unknown}
 m - a scroll of noise {unknown}
Potions
 e - 4 potions of curing {unknown}
 j - a potion of magic {unknown}
Comestibles
 b - 8 rations


   Skills:
 + Level 6.2 Fighting
 - Level 3.0 Axes
 + Level 5.5 Dodging


You had 5 spell levels left.
You didn't know any spells.
Your spell library was empty.

Dungeon Overview and Level Annotations

Branches:
Dungeon (4/15)             Temple (0/1) D:4

Altars:
Gozag
Kikubaaqudgha
Sif Muna
Xom


Innate Abilities, Weirdness & Mutations

Your plain brown scales are hard. (AC +6)
You cannot fit into any form of body armour.
You are cold-blooded and may be slowed by cold attacks.


Message History

The killer bee poisons you! The killer bee misses you.
As you read the scroll labeled AQUILE OSINODD, it crumbles to dust.
You hear the ringing of an enormous bell.
It was a scroll of random uselessness.
You feel sick. The killer bee stings you.
* * * LOW HITPOINT WARNING * * *
You are more poisoned.
The killer bee poisons you!
The worker ant waves its antennae.
The killer bee stings you but does no damage.
You closely miss the killer bee.
The killer bee is severely wounded.
Your skin stops crawling.
You feel less resistant to hostile enchantments.
* * * LOW HITPOINT WARNING * * *
You feel very sick. The killer bee barely misses you.
The killer bee completely misses you.
The killer bee stings you but does no damage.
The killer bee stings you.
You die...

## ######### ..
#.......# #.
#.#####.# #. #.# #.#
##.#Z#####.#####.#
#...yayy@......#.#
......y#####.###.#.#
....... #.......#
....y.. #####.###
...y.## #.# .....
#.# .... ##.## .Z..
##...## ###.....##


You could see a worker ant, 4 killer bees and a bullfrog skeleton.

Vanquished Creatures
  Sigmund (D:3)
  A killer bee (D:7)
  2 orc wizards (D:3)
  Natasha (thrice) (D:3)
  6 adders
  3 worms (D:3)
  2 dart slugs (D:2)
  3 leopard geckos
  2 orcs (D:3)
  A ball python (D:3)
  10 bats
  5 giant cockroaches
  5 hobgoblins
  3 jackals (D:2)
  9 kobolds
  A frilled lizard (D:3)
  4 goblins
  7 rats
68 creatures vanquished.

Notes
Turn   | Place    | Note
-------+----------+-------------------------------------------
     0 | D:1      | Chirpers the Draconian Berserker began the quest for the
                  | Orb.
     0 | D:1      | Reached XP level 1. HP: 19/19 MP: 1/1
   172 | D:1      | Reached XP level 2. HP: 26/27 MP: 2/2
   581 | D:2      | Reached skill level 4 in Fighting
   581 | D:2      | Reached XP level 3. HP: 25/33 MP: 3/3
   930 | D:2      | Reached ** piety under Trog
  1017 | D:2      | Found an ancient bone altar of Kikubaaqudgha.
  1211 | D:3      | Reached XP level 4. HP: 21/41 MP: 4/4
  1573 | D:3      | Reached skill level 5 in Fighting
  1573 | D:3      | Reached XP level 5. HP: 21/48 MP: 5/5
  1920 | D:3      | Noticed Sigmund
  1924 | D:3      | Found a shimmering blue altar of Sif Muna.
  1931 | D:3      | Killed Sigmund
  1931 | D:3      | Reached skill level 5 in Dodging
  1931 | D:3      | Reached XP level 6. HP: 32/57 MP: 6/6
  2314 | D:3      | Found an opulent altar of Gozag.
  2357 | D:3      | Noticed Natasha
  2364 | D:3      | Killed Natasha
  2364 | D:3      | Reached skill level 6 in Fighting
  2831 | D:3      | Noticed Natasha
  2867 | D:3      | Killed Natasha
  2934 | D:3      | Noticed Natasha
  2952 | D:3      | Killed Natasha
  3172 | D:4      | Found a shimmering altar of Xom.
  3271 | D:4      | Found a staircase to the Ecumenical Temple.
  3274 | D:4      | You fall into a shaft and drop 3 floors!
  3316 | D:7      | HP: 2/57 [poisoned by a killer bee]
  3316 | D:7      | Slain by a killer bee

Illustrated notes

Levels and vault maps discovered:
D:1:      nagdon_arrival_double_spiral, layout_basic
D:2:      layout_basic, marbit_many_paths, supply_closet_lemuel
D:3:      layout_loops_ring, nicolae_gozag_cash_rules_everything_around_me,
          lemuel_crystal_altar, chequers_hall_statues_corner_a, uniq_sigmund,
          uniq_natasha
D:4:      layout_basic, xom_teletrap_fun, minmay_temple_entry_antechambers,
          bloody_trog, uniq_grinder
D:7:      layout_loops_corners, gammafunk_temple_overflow_statue,
          grunt_livestock, grunt_ministairs_2, chequers_serial_rivers_small_a,
          nrook_loot_triangle, uniq_joseph

Skill      XL: |  1  2  3  4  5  6 |
---------------+-------------------+-----
Dodging        | 3 4 5 |  5.5
Fighting       | 4 5 6 |  6.2
Axes           | |  3.0

Action                   |  1- 3 |  4- 6 || total
-------------------------+-------+-------++-------
Melee: Hand axe          |   125 |    52 ||   177
       Tailslap          |     9 |     8 ||    17
       Scythe            |       |    66 ||    66
       Unarmed           |       |    38 ||    38
Invok: Trog's Hand       |       |     4 ||     4
       Berserk           |       |     1 ||     1
  Use: Scroll            |       |     1 ||     1
  Eat: Chunk             |     1 |     6 ||     7
       Ration            |       |     1 ||     1
Armor: Skin              |    52 |    42 ||    94
Dodge: Dodged            |   107 |   144 ||   251

Table legend:
 A = Non-vault XP
 B = Vault XP
 C = Vault XP percentage of total XP
 D = Non-vault monster count
 E = Vault monster count
 F = Vault count percentage of total count
                 A         B        C        D         E       F
            +---------+---------+-------+---------+---------+-------
      Total |     404 |     263 |  39.4 |      65 |       3 |   4.4
            +---------+---------+-------+---------+---------+-------
        D:1 |      32 |       0 |   0.0 |      21 |       0 |   0.0
        D:2 |      47 |       1 |   2.1 |      17 |       1 |   5.6
        D:3 |     259 |     262 |  50.3 |      26 |       2 |   7.1
        D:7 |      66 |       0 |   0.0 |       1 |       0 |   0.0
            +---------+---------+-------+---------+---------+-------
